 Dungeon Crawl Stone Soup version 0.29-a0-542-g075992c915 (webtiles) character file.

Game seed: 1093197150661232886

93 dohliylev the Skirmisher (level 4, -1/42 HPs)
             Began as a Minotaur Berserker on June 4, 2022.
             Was a Believer of Trog.
             Slain by a gnoll
             ... wielding a +0 spear
              (2 damage)
             ... on level 2 of the Dungeon.
             The game lasted 00:02:53 (1520 turns).

dohliylev the Skirmisher (Minotaur Berserker)       Turns: 1520, Time: 00:02:54

Health: -1/42      AC:  3    Str: 23    XL:     4   Next: 37%
Magic:  3/3        EV: 12    Int:  4    God:    Trog [**....]
Gold:   124        SH:  0    Dex: 10    Spells: 3/3 levels left

rFire   . . .      SeeInvis .   a - +0 hand axe
rCold   . . .      Faith    .   (no shield)
rNeg    . . .      Spirit   .   e - +0 leather armour
rPois   .          Reflect  .   (helmet restricted)
rElec   .          Harm     .   (no cloak)
rCorr   .          Rampage  .   (no gloves)
Will    ++...                   (no boots)
Stlth   +.........              (no amulet)
HPRegen 1.14/turn               (no ring)
MPRegen 0.08/turn               (no ring)

@: lethally poisoned (-1 -> -8), strong-willed (expiring), on berserk cooldown,
regenerating (expiring), slowed, very slow
A: horns 2, retaliatory headbutt
a: Renounce Religion, Berserk, Trog's Hand


You were on level 2 of the Dungeon.
You worshipped Trog.
Trog was pleased with you.
You visited 1 branch of the dungeon, and saw 2 of its levels.

You collected 124 gold pieces.

Inventory:

Hand Weapons
 a - a +0 hand axe (weapon)
Missiles
 i - 4 silver boomerangs (quivered)
Armour
 e - a +0 leather armour (worn)
Scrolls
 c - a scroll of magic mapping {unknown}
 f - a scroll of identify {unknown}
 h - a scroll of enchant weapon {unknown}
 j - a scroll of immolation {unknown}
 l - a scroll of enchant armour {unknown}
Potions
 b - 2 potions of invisibility {unknown}
 d - 3 potions of curing {unknown}
 g - a potion of berserk rage {unknown}
 k - a potion of attraction {unknown}


   Skills:
 * Level 5.2 Fighting
 + Level 4.5 Axes
 + Level 2.9 Armour
 + Level 2.5 Dodging


You had 3 spell levels left.
You didn't know any spells.
Your spell library was empty.

Dungeon Overview and Level Annotations

Branches:
Dungeon (2/15)

Altars:


Innate Abilities, Weirdness & Mutations

You have a pair of horns on your head.
You reflexively headbutt those who attack you in melee.


Message History

You kill the gnoll!
Trog accepts your kill. The gnoll barely misses you. The gnoll misses you.
Your Fighting skill increases to level 5!
You slash the gnoll!
You kill the gnoll!
Trog accepts your kill.
You have reached level 4!
You feel agile. The gnoll hits you with a +0 spear.
* * * LOW HITPOINT WARNING * * *
The gnoll hits you from afar with a +0 spear.
* * * LOW HITPOINT WARNING * * *
You see here a +0 halberd.
You slash the gnoll!
You kill the gnoll!
Trog accepts your kill.
The gnoll hits you from afar with a +0 spear!
* * * LOW HITPOINT WARNING * * *
You slash the ball python!
You kill the ball python!
Trog accepts your kill. The gnoll closely misses you.
You miss the adder. You headbutt the adder!
You kill the adder!
Trog accepts your kill.
You slash the ball python!
You kill the ball python!
Trog accepts your kill.
You are no longer berserk.
You are exhausted.
You feel yourself slow down.
You feel the effects of Trog's Hand fading.
The gnoll barely misses you.
You hit the gnoll but do no damage. The gnoll closely misses you.
The gnoll hits you with a +1 whip of venom!
* * * LOW HITPOINT WARNING * * *
You are lethally poisoned!
The gnoll hits you from afar with a +0 spear.
You die...

......##....# ..
......#..#### .#
#........# ## ##
..#.....######.#
#............#..
#....#.....#...
.....#.##.#).#
.###... #†.).#
#.##..##@g# #.
#.> #g## . ..##
..g . .#. .#..#
. # ...... ..
...?. ##. .....
. .......


You could see 3 gnolls.

Vanquished Creatures
  4 gnolls (D:2)
  An adder (D:2)
  A worm (D:2)
  2 dart slugs (D:1)
  5 ball pythons
  An endoplasm (D:1)
  A giant cockroach (D:1)
  3 hobgoblins (D:1)
  4 jackals (D:2)
  A kobold (D:1)
  3 quokkas
  5 bats
  2 goblins (D:1)
  5 rats
38 creatures vanquished.

Notes
Turn   | Place    | Note
-------+----------+-------------------------------------------
     0 | D:1      | dohliylev the Minotaur Berserker began the quest for the
                  | Orb.
     0 | D:1      | Reached XP level 1. HP: 19/19 MP: 0/0
   218 | D:1      | Reached skill level 4 in Fighting
   344 | D:1      | Reached XP level 2. HP: 27/27 MP: 1/1
  1108 | D:2      | Reached XP level 3. HP: 13/34 MP: 2/2
  1108 | D:2      | Reached ** piety under Trog
  1514 | D:2      | Reached skill level 5 in Fighting
  1515 | D:2      | Reached XP level 4. HP: 21/42 MP: 3/3
  1520 | D:2      | HP: 1/42 [gnoll/+1 whip of venom (9)]
  1520 | D:2      | Slain by a gnoll

Illustrated notes

Levels and vault maps discovered:
D:1:      giann_forest_graveyard, layout_basic
D:2:      layout_rooms, dreamdust_princess_corridor, st_stairs_7

Skill      XL: |  1  2  3 |
---------------+----------+-----
Fighting       | 4 5 |  5.2
Axes           | 4 |  4.5
Armour         | |  2.9
Dodging        | |  2.5

Action                   |  1- 3 |  4- 6 || total
-------------------------+-------+-------++-------
Melee: Hand axe          |    68 |     5 ||    73
       Headbutt          |     9 |     1 ||    10
       Punch             |     1 |       ||     1
Invok: Berserk           |     1 |       ||     1
       Trog's Hand       |     1 |       ||     1
Armor: Leather armour    |    10 |       ||    10
Dodge: Dodged            |    56 |     3 ||    59

Table legend: (Time is in decaauts)
 A = Elapsed time spent in this place.
 B = Non-inter-level travel time spent in this place.
 C = Inter-level travel time spent in this place.
 D = Time resting spent in this place.
 E = Time spent auto-exploring this place.
 F = Levels seen in this place.
 G = Mean time per level.
                   A        B        C        D        E       F      G
               +--------+--------+--------+--------+--------+-----+--------+
         Total |   1522 |   1505 |     17 |    343 |    917 |   2 |  761.0 |
       Dungeon |   1522 |   1505 |     17 |    343 |    917 |   2 |  761.0 |
               +--------+--------+--------+--------+--------+-----+--------+

Top non-repeatable levels by time:
     D:1: 1091 daAuts
     D:2: 431 daAuts
